General information
- name: BNet
- type: Ladder team game (AT/RT)
- host: Battle.net
- saver: DIP.IDIOT
map: Battleground
- players: 8
- length: 40:38
- speed: Fast
- version: 1.24 W3XP
- replay type: Public
» download(216 KB)
Players
team 1 (loser)

»
RoadHouseBlues (
yellow | 46 APM | 770 actions | 16:40)
3 Mountain King
2 Storm Bolt
1 Bash
2 Paladin
1 Holy Light
1 Divine Shield
1 Archmage
1 Blizzard
» actions
| Basic commands | 4 | |
| Build / train | 42 | |
| Enter build submenu | 20 | |
| Enter hero's abilities submenu | 6 | |
| Give item / drop item | 1 | |
| Right click | 445 | |
| Select / deselect | 214 | |
| Use ability | 38 | |
770 total
» units
| Peasant | 8 | |
| Footman | 3 | |
| Rifleman | 4 | |
| Siege Engine | 9 | |
24 total
» upgrades
| Lumber Harvesting | 1 | |
| Barrage | 1 | |
2 total
» buildings
| Altar of Kings | 1 | |
| Farm | 8 | |
| Barracks | 1 | |
| Lumber Mill | 1 | |
| Keep | 1 | |
| Blacksmith | 1 | |
| Castle | 1 | |
| Arcane Vault | 1 | |
| Workshop | 2 | |
| Town Hall | 2 | |
19 total
» build order
00:09 Altar of Kings
00:15 Farm
00:52 Farm
01:02 Barracks
02:24 Lumber Mill
02:28 Keep
04:08 Blacksmith
04:59 Farm
05:34 Castle
05:47 Farm
06:35 Arcane Vault
07:20 Workshop
07:23 Workshop
08:20 Farm
08:38 Town Hall
09:04 Farm
10:47 Farm
11:44 Town Hall
14:52 Farm
» items
nightswish (
purple | 58 APM | 952 actions | 16:17)
3 Dreadlord
1 Sleep
2 Vampiric Aura
» actions
| Basic commands | 50 | |
| Build / train | 51 | |
| ESC pressed | 6 | |
| Enter build submenu | 18 | |
| Enter hero's abilities submenu | 3 | |
| Right click | 532 | |
| Select / deselect | 213 | |
| Use ability | 79 | |
952 total
» units
| Acolyte | 6 | |
| Ghoul | 7 | |
| Necromancer | 10 | |
| Obsidian Statue | 3 | |
| Crypt Fiend | 2 | |
| Abomination | 2 | |
30 total
» upgrades
| Cannibalize | 1 | |
| Necromancer Training | 1 | |
| Skeletal Longevity | 1 | |
| Skeletal Mastery | 1 | |
| Web | 1 | |
| Creature Attack | 1 | |
6 total
» buildings
| Crypt | 1 | |
| Ziggurat | 5 | |
| Altar of Darkness | 1 | |
| Tomb of Relics | 1 | |
| Halls of the Dead | 3 | |
| Nerubian Tower | 1 | |
| Graveyard | 1 | |
| Temple of the Damned | 2 | |
| Slaughterhouse | 2 | |
| Black Citadel | 1 | |
| Sacrificial Pit | 1 | |
| Spirit Tower | 3 | |
22 total
» build order
00:07 Crypt
00:09 Ziggurat
00:37 Altar of Darkness
01:05 Ziggurat
01:38 Tomb of Relics
02:37 Halls of the Dead
02:37 Halls of the Dead
02:59 Nerubian Tower
03:26 Graveyard
03:36 Ziggurat
04:19 Ziggurat
05:00 Temple of the Damned
05:01 Slaughterhouse
05:04 Slaughterhouse
08:18 Black Citadel
08:25 Ziggurat
08:32 Sacrificial Pit
11:21 Temple of the Damned
13:34 Spirit Tower
13:35 Spirit Tower
» items
| Dust of Appearance | 1 | |
| Potion of Lesser Invulnerability | 1 | |
| Scroll of Town Portal | 1 | |
3 total

»
kroova (
teal | 33 APM | 540 actions | 16:33)
2 Death Knight
1 Unholy Aura
1 Death Coil
» actions
| Basic commands | 9 | |
| Build / train | 34 | |
| Enter build submenu | 26 | |
| Enter hero's abilities submenu | 2 | |
| Remove unit from queue | 2 | |
| Right click | 216 | |
| Select / deselect | 220 | |
| Use ability | 31 | |
540 total
» units
| Acolyte | 10 | |
| Ghoul | 4 | |
| Crypt Fiend | 6 | |
| Gargoyle | 1 | |
21 total
» upgrades
| Creature Attack | 2 | |
| Creature Carapace | 2 | |
| Web | 1 | |
5 total
» buildings
| Ziggurat | 6 | |
| Altar of Darkness | 1 | |
| Crypt | 2 | |
| Graveyard | 2 | |
| Halls of the Dead | 1 | |
| Spirit Tower | 1 | |
| Black Citadel | 1 | |
| Sacrificial Pit | 1 | |
| Boneyard | 2 | |
| Necropolis | 2 | |
19 total
» build order
00:12 Ziggurat
00:38 Altar of Darkness
01:15 Crypt
01:32 Graveyard
01:45 Ziggurat
03:48 Halls of the Dead
04:01 Ziggurat
04:21 Crypt
04:35 Ziggurat
05:43 Ziggurat
06:03 Spirit Tower
06:26 Black Citadel
06:31 Sacrificial Pit
09:09 Boneyard
10:22 Boneyard
10:41 Ziggurat
11:50 Necropolis
15:21 Necropolis
15:35 Graveyard
thenewcarolina (
pink | 90 APM | 3644 actions | 40:37)
6 Blademaster
2 Wind Walk
3 Critical Strike
1 Bladestorm
5 Shadow Hunter
2 Hex
3 Healing Wave
3 Paladin
3 Devotion Aura
1 Mountain King
1 Bash
» actions
| Assign group hotkey | 35 | |
| Build / train | 106 | |
| Enter build submenu | 33 | |
| Enter hero's abilities submenu | 15 | |
| Give item / drop item | 1 | |
| Remove unit from queue | 2 | |
| Right click | 1690 | |
| Select / deselect | 573 | |
| Select group hotkey | 1022 | |
| Use ability | 167 | |
3644 total
» units
| Peon | 9 | |
| Spirit Walker | 10 | |
| Tauren | 12 | |
| Siege Engine | 3 | |
| Knight | 5 | |
| Mortar Team | 6 | |
| Flying Machine | 2 | |
| Rifleman | 2 | |
49 total
» upgrades
| Spiked Barricades | 1 | |
| Spirit Walker Training | 2 | |
| Pulverize | 1 | |
| Reinforced Defenses | 1 | |
| Melee Weapons | 2 | |
| Plating | 2 | |
| Fragmentation Shards | 1 | |
| Flare | 1 | |
| Animal War Training | 1 | |
| Gunpowder | 1 | |
13 total
» buildings
| Altar of Storms | 1 | |
| Orc Burrow | 7 | |
| Stronghold | 2 | |
| Voodoo Lounge | 1 | |
| War Mill | 1 | |
| Watch Tower | 5 | |
| Fortress | 6 | |
| Spirit Lodge | 1 | |
| Tauren Totem | 2 | |
| Farm | 11 | |
37 total
» build order
00:04 Altar of Storms
00:07 Orc Burrow
01:58 Stronghold
01:58 Stronghold
02:09 Voodoo Lounge
02:19 War Mill
03:29 Orc Burrow
03:51 Watch Tower
04:31 Watch Tower
04:42 Orc Burrow
04:45 Watch Tower
05:08 Fortress
06:33 Spirit Lodge
07:41 Tauren Totem
07:44 Tauren Totem
08:05 Orc Burrow
09:25 Orc Burrow
11:51 Watch Tower
11:57 Watch Tower
12:38 Orc Burrow
18:59 Farm
19:00 Farm
19:01 Farm
19:32 Orc Burrow
19:45 Farm
19:45 Farm
19:47 Farm
21:06 Farm
22:26 Farm
22:29 Farm
22:30 Farm
22:31 Farm
» items
| Healing Salve | 1 | |
| Orb of Lightning | 1 | |
| Potion of Healing | 2 | |
| Potion of Mana | 1 | |
| Scroll of Speed | 1 | |
6 total
team 2 (winner)

»
fairytales (
red | 47 APM | 1482 actions | 31:21)
5 Archmage
3 Summon Water Elemental
2 Brilliance Aura
» actions
| Assign group hotkey | 7 | |
| Basic commands | 64 | |
| Build / train | 63 | |
| Enter build submenu | 21 | |
| Enter hero's abilities submenu | 5 | |
| Remove unit from queue | 1 | |
| Right click | 665 | |
| Select / deselect | 406 | |
| Select group hotkey | 176 | |
| Use ability | 74 | |
1482 total
» units
| Peasant | 10 | |
| Siege Engine | 13 | |
| Flying Machine | 8 | |
| Mortar Team | 5 | |
36 total
» upgrades
| Lumber Harvesting | 2 | |
| Plating | 3 | |
| Barrage | 1 | |
| Gunpowder | 3 | |
| Flak Cannons | 1 | |
| Flying Machine Bombs | 1 | |
| Flare | 1 | |
| Fragmentation Shards | 1 | |
| Armor | 2 | |
15 total
» buildings
| Keep | 2 | |
| Farm | 15 | |
| Altar of Kings | 1 | |
| Blacksmith | 1 | |
| Lumber Mill | 1 | |
| Scout Tower | 1 | |
| Castle | 3 | |
| Workshop | 3 | |
| Town Hall | 1 | |
28 total
» build order
01:21 Keep
01:21 Keep
01:27 Farm
01:52 Altar of Kings
02:08 Blacksmith
02:42 Lumber Mill
03:01 Scout Tower
04:33 Castle
04:34 Castle
04:34 Castle
04:55 Workshop
05:20 Workshop
06:07 Workshop
06:48 Farm
06:49 Farm
06:50 Farm
06:51 Farm
06:56 Farm
07:02 Farm
07:04 Farm
07:06 Farm
07:07 Farm
07:28 Farm
07:29 Farm
07:30 Farm
10:00 Farm
10:01 Farm
26:14 Town Hall
Creature.of.Sol (
blue | 26 APM | 1049 actions | 40:37)
4 Far Seer
2 Feral Spirit
1 Far Sight
1 Chain Lighting
3 Shadow Hunter
2 Healing Wave
1 Hex
» actions
| Assign group hotkey | 18 | |
| Basic commands | 151 | |
| Build / train | 56 | |
| ESC pressed | 5 | |
| Enter build submenu | 16 | |
| Enter hero's abilities submenu | 7 | |
| Right click | 343 | |
| Select / deselect | 203 | |
| Select group hotkey | 184 | |
| Use ability | 66 | |
1049 total
» units
» upgrades
| Pillage | 1 | |
| Armor | 3 | |
| Melee Weapons | 3 | |
| Berserker Strength | 1 | |
| Spiked Barricades | 1 | |
| Reinforced Defenses | 1 | |
| Pulverize | 1 | |
11 total
» buildings
| Altar of Storms | 1 | |
| Orc Burrow | 8 | |
| Barracks | 1 | |
| War Mill | 1 | |
| Stronghold | 1 | |
| Fortress | 1 | |
| Tauren Totem | 2 | |
| Great Hall | 1 | |
| Voodoo Lounge | 1 | |
17 total
» build order
00:11 Altar of Storms
00:14 Orc Burrow
01:07 Barracks
01:28 Orc Burrow
02:32 Orc Burrow
03:49 Orc Burrow
04:23 War Mill
05:15 Stronghold
07:31 Orc Burrow
07:56 Fortress
08:51 Orc Burrow
10:29 Tauren Totem
11:28 Tauren Totem
12:33 Great Hall
13:29 Voodoo Lounge
15:47 Orc Burrow
18:21 Orc Burrow
» items

»
BIRDCALLBRRRRRR (
green | 37 APM | 1490 actions | 40:37)
6 Mountain King
3 Storm Bolt
2 Bash
1 Avatar
5 Blood Mage
2 Banish
3 Siphon Mana
» actions
| Assign group hotkey | 29 | |
| Basic commands | 14 | |
| Build / train | 65 | |
| Enter build submenu | 22 | |
| Enter hero's abilities submenu | 11 | |
| Give item / drop item | 1 | |
| Remove unit from queue | 3 | |
| Right click | 516 | |
| Select / deselect | 387 | |
| Select group hotkey | 365 | |
| Use ability | 76 | |
1490 total
» units
| Peasant | 7 | |
| Footman | 8 | |
| Forest Troll Berserker | 1 | |
| Gryphon Rider | 10 | |
| Knight | 3 | |
29 total
» upgrades
| Swords | 3 | |
| Lumber Harvesting | 2 | |
| Armor | 3 | |
| Storm Hammers | 1 | |
| Animal War Training | 1 | |
| Plating | 1 | |
11 total
» buildings
| Altar of Kings | 1 | |
| Farm | 11 | |
| Barracks | 1 | |
| Scout Tower | 1 | |
| Arcane Tower | 1 | |
| Lumber Mill | 1 | |
| Blacksmith | 1 | |
| Keep | 1 | |
| Arcane Vault | 1 | |
| Castle | 1 | |
| Gryphon Aviary | 2 | |
| Town Hall | 1 | |
23 total
» build order
00:06 Altar of Kings
00:09 Farm
00:22 Barracks
00:59 Scout Tower
01:49 Farm
02:08 Arcane Tower
02:30 Farm
02:34 Lumber Mill
03:13 Blacksmith
03:54 Keep
05:17 Arcane Vault
06:17 Castle
06:39 Farm
06:57 Gryphon Aviary
07:12 Gryphon Aviary
08:40 Farm
09:36 Farm
10:22 Farm
11:16 Farm
14:34 Farm
15:13 Farm
18:12 Farm
19:59 Town Hall
» items
| Scroll of Regeneration | 3 | |
| Scroll of Town Portal | 3 | |
6 total
DIP.IDIOT (
orange | 54 APM | 2204 actions | 40:38)
7 Mountain King
3 Storm Bolt
3 Bash
1 Avatar
1 Paladin
1 Holy Light
» actions
| Assign group hotkey | 23 | |
| Basic commands | 237 | |
| Build / train | 61 | |
| Enter build submenu | 19 | |
| Enter hero's abilities submenu | 9 | |
| Give item / drop item | 3 | |
| Right click | 618 | |
| Select / deselect | 268 | |
| Select group hotkey | 900 | |
| Use ability | 66 | |
2204 total
» units
| Peasant | 9 | |
| Footman | 6 | |
| Gryphon Rider | 10 | |
25 total
» upgrades
| Masonry | 2 | |
| Lumber Harvesting | 1 | |
| Swords | 2 | |
| Animal War Training | 1 | |
| Storm Hammers | 1 | |
7 total
» buildings
| Altar of Kings | 2 | |
| Barracks | 1 | |
| Farm | 12 | |
| Scout Tower | 1 | |
| Arcane Vault | 1 | |
| Arcane Tower | 1 | |
| Lumber Mill | 1 | |
| Keep | 2 | |
| Blacksmith | 1 | |
| Castle | 1 | |
| Gryphon Aviary | 3 | |
| Town Hall | 1 | |
27 total
» build order
00:10 Altar of Kings
00:21 Barracks
00:37 Farm
00:52 Farm
01:35 Farm
01:46 Scout Tower
02:06 Arcane Vault
02:13 Arcane Tower
03:33 Farm
03:45 Lumber Mill
04:04 Keep
04:48 Blacksmith
04:57 Farm
04:57 Farm
05:37 Farm
05:37 Farm
05:39 Farm
06:28 Castle
06:32 Gryphon Aviary
07:03 Gryphon Aviary
07:07 Gryphon Aviary
07:25 Farm
07:25 Farm
22:06 Town Hall
34:27 Farm
34:36 Altar of Kings
» items
| Scroll of Regeneration | 5 | |
| Staff of Teleportation | 2 | |
| Potion of Healing | 1 | |
| Potion of Lesser Invulnerability | 2 | |
| Scroll of Healing | 1 | |
| Scroll of Town Portal | 4 | |
15 total
Chat log
(00:39 / Allies) Creature.of.Sol: we got 3 humans
(00:42 / Allies) Creature.of.Sol: coordinate, guys
(00:57 / Allies) DIP.IDIOT: i remember you blue
(01:10 / Allies) Creature.of.Sol: ok
(01:39 / Allies) BIRDCALLBRRRRRR: uhh
(01:42 / Allies) BIRDCALLBRRRRRR: lets all mass copters
(01:48 / Allies) DIP.IDIOT: im down
(01:50 / Allies) Creature.of.Sol: lol
(01:52 / Allies) BIRDCALLBRRRRRR: hahah sike
(01:55 / Allies) fairytales: im so down
(02:02 / Allies) Creature.of.Sol: i'll go melee
(02:03 / Allies) BIRDCALLBRRRRRR: ive done it with 4 humans
(02:04 / Allies) BIRDCALLBRRRRRR: we won
(02:16 / Allies) Creature.of.Sol: get strong heros though
(02:30 / All) kroova: can i get 100 lumber
(02:37 / All) BIRDCALLBRRRRRR: yeah
(02:43 / All) fairytales: sent
(02:54 / Allies) BIRDCALLBRRRRRR: omw
(02:55 / Allies) BIRDCALLBRRRRRR: burrow
(02:56 / Allies) BIRDCALLBRRRRRR: burrow
(03:36 / Allies) BIRDCALLBRRRRRR: couldnt bolt hero
(03:41 / Allies) BIRDCALLBRRRRRR: pathing was fucked up
(04:01 / Allies) BIRDCALLBRRRRRR: how gay
(04:03 / Allies) BIRDCALLBRRRRRR: thats so gay
(04:16 / Allies) Creature.of.Sol: well i got yellow's hero
(04:20 / Allies) BIRDCALLBRRRRRR: you did
(04:21 / Allies) BIRDCALLBRRRRRR: nice
(04:27 / Allies) BIRDCALLBRRRRRR: i was trying to
(04:33 / Allies) Creature.of.Sol: good teamwork there
(05:24 / Allies) BIRDCALLBRRRRRR: uhh
(05:26 / Allies) BIRDCALLBRRRRRR: i got
(05:27 / Allies) BIRDCALLBRRRRRR: birds
(05:35 / Allies) fairytales: sick bro!
(05:38 / Allies) BIRDCALLBRRRRRR: YEAH
(06:01 / All) DIP.IDIOT: i cant tell if ur towering me
(06:04 / All) DIP.IDIOT: i really dont care frankly
(06:15 / All) kroova: r u talking to me?
(06:19 / All) DIP.IDIOT: yes
(06:58 / Allies) Creature.of.Sol: pink teching
(07:10 / Allies) DIP.IDIOT: wood
(07:19 / Allies) BIRDCALLBRRRRRR: blue
(08:14 / Allies) BIRDCALLBRRRRRR: once i get my bm
(08:18 / Allies) Creature.of.Sol: k
(08:21 / Allies) fairytales: sup
(08:33 / Allies) fairytales: dis gon b luls
(09:34 / Allies) fairytales: lets go base wreckin
(10:05 / Allies) DIP.IDIOT: gold
(10:14 / Allies) BIRDCALLBRRRRRR: get b
(10:20 / Allies) Creature.of.Sol: ???
(10:23 / Allies) Creature.of.Sol: wake up team?
(10:39 / Allies) Creature.of.Sol: we had that easy
(10:42 / Allies) Creature.of.Sol: the creeps were on our side
(10:43 / Allies) Creature.of.Sol: lol
(10:45 / Allies) BIRDCALLBRRRRRR: ...
(10:47 / Allies) Creature.of.Sol: we just fed them a lot
(10:51 / Allies) BIRDCALLBRRRRRR: ...
(11:40 / All) kroova: NOOOO
(12:03 / Allies) Creature.of.Sol: they got all the creeps
(12:19 / Allies) Creature.of.Sol: lumber?
(13:41 / All) kroova: NOOO
(13:57 / All) kroova: no shit im fucking useless
(14:54 / Allies) BIRDCALLBRRRRRR: watch out for those gay things
(14:58 / Allies) BIRDCALLBRRRRRR: oh shit
(15:00 / Allies) BIRDCALLBRRRRRR: those are ours
(15:01 / Allies) BIRDCALLBRRRRRR: hahahahaha
(15:04 / Allies) BIRDCALLBRRRRRR: nvm
(15:32 / Allies) BIRDCALLBRRRRRR: get gryph back
(15:42 / Allies) BIRDCALLBRRRRRR: hero
(15:54 / Allies) BIRDCALLBRRRRRR: b
(15:56 / Allies) BIRDCALLBRRRRRR: stupid
(16:10 / All) DIP.IDIOT: i hate tanks i swear to god
(16:11 / Allies) Creature.of.Sol: brt
(16:13 / Allies) Creature.of.Sol: coming
(16:16 / Allies) Creature.of.Sol: coming
(16:19 / Allies) Creature.of.Sol: oj back here
(16:22 / Allies) Creature.of.Sol: or not
(16:24 / Allies) DIP.IDIOT: relax
(16:30 / Allies) BIRDCALLBRRRRRR: its over
(17:18 / All) fairytales: pwned
(17:19 / Allies) BIRDCALLBRRRRRR: burrow
(17:26 / Allies) DIP.IDIOT: blue i was in that game where i pissed you off and massed towers on "cherryville"
(17:37 / All) Creature.of.Sol: lol ah yeah
(17:40 / Allies) DIP.IDIOT: you got pissed when i said i was the #1 4v4rter
(17:40 / All) Creature.of.Sol: and my team did nothin
(17:41 / All) Creature.of.Sol: i remember
(17:47 / All) Creature.of.Sol: ummm
(17:50 / All) Creature.of.Sol: that wasn't me then
(17:53 / Allies) BIRDCALLBRRRRRR: well i mean
(17:55 / Allies) BIRDCALLBRRRRRR: thanks red
(17:57 / Allies) DIP.IDIOT: it was i have the replay
(17:59 / Allies) BIRDCALLBRRRRRR: okay job erone else
(18:10 / Allies) Creature.of.Sol: don't think so
(18:12 / Allies) Creature.of.Sol: gg anyway
(18:22 / Allies) DIP.IDIOT: you got pissed, but yes, gg anywys
(18:31 / Allies) Creature.of.Sol: lol don't be a tool
(18:42 / Allies) DIP.IDIOT: those are fighting words
(18:42 / Allies) DIP.IDIOT: blue
(18:47 / Allies) BIRDCALLBRRRRRR: tk time
(18:48 / Allies) Creature.of.Sol: you already started the fighting words
(19:12 / All) Creature.of.Sol: yawn
(19:15 / All) DIP.IDIOT: rape
(19:21 / All) Creature.of.Sol: land vs air of course
(19:23 / All) Creature.of.Sol: faggot
(19:45 / All) Creature.of.Sol: so when we gonna 1v1 oj?
(19:52 / Allies) DIP.IDIOT: we
(19:55 / All) DIP.IDIOT: we just did
(19:59 / All) Creature.of.Sol: how about right now?
(20:09 / All) DIP.IDIOT: haha good work green
(20:12 / All) DIP.IDIOT: green is awesome
(20:18 / All) DIP.IDIOT: green lets tk red? so pink wins?
(20:22 / Allies) Creature.of.Sol: lol you're both faggots
(20:25 / Allies) BIRDCALLBRRRRRR: b
(20:34 / Allies) Creature.of.Sol: why don't you bs each other now
(20:38 / Allies) BIRDCALLBRRRRRR: nope
(20:44 / Allies) Creature.of.Sol: how about 1v1 then
(20:50 / Allies) BIRDCALLBRRRRRR: i mean
(20:52 / Allies) BIRDCALLBRRRRRR: lets finish this
(21:07 / All) Creature.of.Sol: lotta bs goin on over here
(21:40 / Allies) BIRDCALLBRRRRRR: red lets end this
(21:47 / All) thenewcarolina: do something
(21:56 / All) Creature.of.Sol: they're hittin pink now
(22:35 / Allies) Creature.of.Sol: green i respect cause he clearly just moved the game forwards
(22:39 / Allies) Creature.of.Sol: but oj's just a tool
(22:44 / Allies) Creature.of.Sol: stupid football job
(22:46 / Allies) Creature.of.Sol: jock*
(22:53 / All) BIRDCALLBRRRRRR: hahahah
(23:03 / Allies) BIRDCALLBRRRRRR: red your hero just gained like 4 levels
(23:06 / Allies) Creature.of.Sol: anywho
(23:09 / Allies) BIRDCALLBRRRRRR: mort those
(23:16 / All) Creature.of.Sol: i hope you guys win
(23:19 / All) Creature.of.Sol: kill red's morts
(23:22 / Allies) Creature.of.Sol: now
(23:23 / All) Creature.of.Sol: Now
(23:26 / All) Creature.of.Sol: kill the morts to win
(23:39 / All) Creature.of.Sol: taking too long to do it
(23:59 / Allies) BIRDCALLBRRRRRR: fuck you oj
(24:09 / All) DIP.IDIOT: PINK IM ON UR SIDE
(24:23 / All) Creature.of.Sol: oj has an expo
(24:24 / All) Creature.of.Sol: top left
(24:30 / Allies) fairytales: lol
(24:31 / Allies) fairytales: orange
(24:40 / Allies) Creature.of.Sol: don't laugh
(24:42 / Allies) Creature.of.Sol: you're next
(24:45 / All) DIP.IDIOT: U WIN PINK
(24:47 / All) DIP.IDIOT: I GOT GREENS BASE
(25:00 / All) DIP.IDIOT: attack greens base
(25:01 / All) DIP.IDIOT: top middle
(25:03 / All) DIP.IDIOT: i got his expo
(25:08 / Allies) fairytales: wait
(25:11 / Allies) fairytales: why is orange bsing
(25:18 / All) DIP.IDIOT: reds tanks are in middle
(25:21 / Allies) Creature.of.Sol: you just realized he's a fag?
(25:26 / Allies) Creature.of.Sol: he's been bsing this whole game
(25:32 / Allies) BIRDCALLBRRRRRR: it was funny
(25:33 / Allies) BIRDCALLBRRRRRR: then it was me
(25:35 / Allies) fairytales: oh shit lol
(26:02 / Allies) Creature.of.Sol: kill oj's expo
(26:06 / All) DIP.IDIOT: u win pink
(26:31 / All) Creature.of.Sol: of course, the final bs will be oj bsing pink
(26:35 / All) Creature.of.Sol: and will win
(26:46 / Allies) fairytales: orange stop please man
(27:04 / Allies) BIRDCALLBRRRRRR: red you have the power
(27:14 / All) Creature.of.Sol: he doesn't even have a good strategy
(27:17 / All) Creature.of.Sol: mass gryphs suck
(27:23 / All) Creature.of.Sol: gotta mix
(27:26 / All) Creature.of.Sol: oh well
(27:55 / Allies) Creature.of.Sol: red kill his base?
(27:59 / Allies) fairytales: i cant
(28:09 / Allies) fairytales: hes blocking me
(28:19 / All) DIP.IDIOT: pink ur going to win
(28:21 / All) DIP.IDIOT: just get something to eat
(28:22 / Allies) Creature.of.Sol: oj's base
(28:25 / All) DIP.IDIOT: it'll be over
(28:27 / All) fairytales: gg
(28:36 / All) Creature.of.Sol: lol red runs his tanks to their death
(28:37 / All) fairytales: orange bs'd and you win for it
(28:45 / All) fairytales: great way to paly
(28:53 / All) Creature.of.Sol: mass aa
(28:59 / All) Creature.of.Sol: your only enemy is oj and he has mass gryphs
(29:25 / All) fairytales: thats so gay
(29:28 / All) fairytales: why do you wanna win like that
(29:32 / All) fairytales: just leave, be a man
(29:35 / All) fairytales: orange bs'ed
(29:43 / All) Creature.of.Sol: there's no such thing as "being a man" in this
(29:45 / All) Creature.of.Sol: this is a game
(30:28 / All) Creature.of.Sol: let green's hero live
(30:30 / All) Creature.of.Sol: he's your friend
(30:32 / All) Creature.of.Sol: fight with him
(30:38 / All) DIP.IDIOT: gj pink u win
(30:41 / All) Creature.of.Sol: fight oj with him
(30:49 / All) Creature.of.Sol: be smart and let green live
(30:54 / All) Creature.of.Sol: he'll fight with you when oj bses you
(31:00 / All) DIP.IDIOT: im attacking red's base now pink
(31:02 / Allies) BIRDCALLBRRRRRR: well
(31:03 / All) DIP.IDIOT: pink you are good!
(31:04 / Allies) BIRDCALLBRRRRRR: ima get pizza
(31:15 / All) fairytales: whatever, you win
(31:17 / All) fairytales: gg
(31:47 / All) Creature.of.Sol: i'm going to feed your heros with tauren
(31:52 / All) Creature.of.Sol: you ought to stop killing your tanks with your morts
(31:56 / All) Creature.of.Sol: they're hurting yourself
(32:02 / Allies) Creature.of.Sol: you'll need those tanks full strength
(32:06 / All) Creature.of.Sol: repair your tanks
(33:31 / Allies) DIP.IDIOT: this is a very good stab by me
(35:19 / Allies) DIP.IDIOT: hows the pizza green
(35:23 / Allies) BIRDCALLBRRRRRR: good
(35:26 / All) DIP.IDIOT: pepperoni or sausage
(35:33 / Allies) BIRDCALLBRRRRRR: nada
(35:33 / All) DIP.IDIOT: whats celeste again
(35:36 / Allies) BIRDCALLBRRRRRR: i put salad on it
(35:41 / Allies) BIRDCALLBRRRRRR: microwave pizza
(35:49 / All) DIP.IDIOT: you better not be one of those people who puts ranch on his pizza
(35:50 / All) DIP.IDIOT: thats nasty
(35:55 / Allies) BIRDCALLBRRRRRR: nah
(36:34 / All) DIP.IDIOT: i used to work at dominos
(36:40 / All) Creature.of.Sol: oj has 2000 gold but no income now
(37:07 / All) Creature.of.Sol: well, he's bsing himself now
(37:14 / All) Creature.of.Sol: you'll see it in 2 minutes
(37:18 / All) Creature.of.Sol: if it's not over by then
(37:34 / All) DIP.IDIOT: whats your favorite pizza type, pink
(37:41 / All) DIP.IDIOT: do you like the north carolina tar heels
(38:29 / All) DIP.IDIOT: green after game, meet in channel clan za ok?
(39:05 / All) Creature.of.Sol: he has more gryphs in top right
(39:07 / All) Creature.of.Sol: 4
(39:45 / All) Creature.of.Sol: take out the ones in top right
(39:47 / All) Creature.of.Sol: where his hero isn't
(40:31 / All) Creature.of.Sol: they just left and are going to hit you now i think
(40:35 / All) Creature.of.Sol: bye